 Dungeon Crawl Stone Soup version 0.31.0-11-ge490571c62 (webtiles) character file.

Game seed: 9344234156986263477

42 qw the Shooter (level 3, -4/20 HPs)
             Began as a Deep Elf Hunter on Feb 3, 2024.
             Slain by a goblin
             ... wielding a +0 club
             ... led by Robin
              (5 damage)
             ... on level 2 of the Dungeon.
             The game lasted 00:00:23 (1005 turns).

qw the Shooter (Deep Elf Hunter)                    Turns: 1005, Time: 00:00:23

Health: -4/20      AC:  5    Str: 10    XL:     3   Next: 35%
Magic:  5/5        EV: 11    Int: 13    God:
Gold:   120        SH:  5    Dex: 18    Spells: 2/2 levels left

rFire   . . .        a - +0 shortbow
rCold   . . .        (shield currently unavailable)
rNeg    . . .        j - +0 ring mail
rPois   .            (no helmet)
rElec   .            (no cloak)
rCorr   .            (no gloves)
SInv    .            (no boots)
Will    .....        d - amulet of reflection
Stlth   +            (no ring)
HPRegen 0.23/turn    (no ring)
MPRegen 0.09/turn

%: reflection
@: no status effects
A: no striking features
a: no special abilities


You were on level 2 of the Dungeon.
You visited 1 branch of the dungeon, and saw 2 of its levels.

You collected 120 gold pieces.


   Skills:
 - Level 1.5 Fighting
 + Level 6.9 Ranged Weapons
 - Level 2.4 Dodging
 - Level 1.2 Stealth


You had 2 spell levels left.
You didn't know any spells.
Your spell library was empty.

Inventory:

Hand Weapons
 a - a +0 shortbow (weapon)
Armour
 j - a +0 ring mail (worn)
Jewellery
 d - an amulet of reflection (around neck)
Potions
 b - a potion of heal wounds {unknown}
 g - a potion of curing
 k - a potion of attraction {unknown}

Dungeon Overview and Level Annotations

Branches:
Dungeon (2/15)

Altars:

Annotations:
D:2 Robin


Message History

A goblin comes into view. It is wielding a +0 dagger.
Robin throws the goblin at you!
You shoot an arrow. The goblin shouts!
The arrow hits the goblin.
The goblin is moderately wounded.
You hear a shout!
A goblin comes into view. It is wielding a +0 dagger.
The goblin closely misses you. The goblin barely misses you.
You shoot an arrow. The arrow closely misses the goblin.
The goblin closely misses you. The goblin hits you but does no damage.
You block the goblin's attack. The goblin closely misses you.
A goblin comes into view. It is wielding a +0 club.
You shoot an arrow. The arrow hits the goblin.
You kill the goblin!
A hobgoblin comes into view. x2
The goblin barely misses you. Robin throws the goblin at you!
You shoot an arrow. The hobgoblin shouts!
The arrow hits the goblin.
The goblin is severely wounded.
The goblin hits you with a +0 club. You block the goblin's attack.
The goblin hits you with a +0 club.
You shoot an arrow. The arrow hits the goblin.
You kill the goblin!
The goblin unwields a +0 dagger.
The goblin wields a +0 sling.
The goblin shoots a sling bullet.
The sling bullet barely misses you.
The sling bullet barely misses the goblin.
The goblin hits you with a +0 club. The goblin closely misses you.
A goblin opens the door.
You shoot an arrow. The arrow barely misses the goblin.
You block the goblin's attack. The goblin hits you but does no damage.
A goblin comes into view. It is wielding a +0 dagger.
Robin roars a battlecry!
The goblins go into a battle-frenzy!
The goblin shoots a sling bullet.
The sling bullet hits you.
You shoot an arrow. The arrow hits the goblin.
The goblin is severely wounded.
The goblin hits you with a +0 club. x3
You die...

##### ....# ###'## #####
# #....# #...# .# #..?.#
###...# .7 #....#
##.....###'##
#....####......g@g.g#
#.......#.......gg##gg).
#....##.#.........# .
........'.........#
........#........##
........#........#
........#........#
.................#
...............###


You could see Robin, a hobgoblin (strong) and 5 goblins.

Vanquished Creatures
  2 adders
  2 bats (D:1)
  6 endoplasms
  A giant cockroach (D:1)
  A hobgoblin (D:1)
  4 ball pythons (D:1)
  2 frilled lizards
  3 goblins (D:2)
  2 kobolds (D:1)
  A rat (D:2)
24 creatures vanquished.

Notes
Turn   | Place    | Note
-------+----------+-------------------------------------------
     0 | D:1      | qw the Deep Elf Hunter began the quest for the Orb.
     0 | D:1      | Reached XP level 1. HP: 12/12 MP: 3/3
     0 | D:1      | 0 ||| qw: Version: 0.3-a-155-g5e7d8dd
     0 | D:1      | 0 ||| qw: Game counter: 3123
     0 | D:1      | 0 ||| qw: Melee chars always use a shield: true
     0 | D:1      | 0 ||| qw: God list: Okawaru
     0 | D:1      | 0 ||| qw: Allow faded altars: false
     0 | D:1      | 0 ||| qw: Do Orc after clearing Dungeon:15 true
     0 | D:1      | 0 ||| qw: Do second Lair branch before Depths: true
     0 | D:1      | 0 ||| qw: Lair rune preference: random
     0 | D:1      | 0 ||| qw: Goals: Normal
     0 | D:1      | 0 ||| PLANNING D:1-11
   266 | D:1      | Reached skill level 6 in Ranged Weapons
   266 | D:1      | Reached XP level 2. HP: 16/16 MP: 4/4
   696 | D:1      | 696 ||| UPGRADING to +0 ring mail.
   706 | D:1      | 706 ||| DROPPING +0 leather armour.
   707 | D:1      | 707 ||| UPGRADING to amulet of reflection.
   712 | D:1      | 712 ||| DROPPING ring of flight.
   713 | D:1      | 713 ||| READING scroll labelled AGGYNE NICZI.
   714 | D:1      | 714 ||| READING scroll labelled XICOCI MEPN.
   719 | D:1      | 719 ||| READING scroll labelled HAPSIP WAGATZ.
   719 | D:1      | 719 ||| IDENTIFYING puce potion
   720 | D:1      | 720 ||| READING scroll labelled HUUCHO SOCYOR.
   721 | D:1      | 721 ||| DROPPING scroll of butterflies.
   747 | D:2      | HP: 4/16 [poisoned by an adder]
   751 | D:2      | Reached XP level 3. HP: 6/20 MP: 5/5
   781 | D:2      | 781 ||| FLEEEEING.
   782 | D:2      | 782 ||| FLEEEEING.
   783 | D:2      | 783 ||| FLEEEEING.
   784 | D:2      | 784 ||| STAIRDANCE
   900 | D:2      | 900 ||| STAIRDANCE
   996 | D:2      | Noticed Robin
  1005 | D:2      | HP: 3/20 [goblin/+0 club[Robin] (3)]
  1005 | D:2      | HP: 1/20 [goblin/+0 club[Robin] (2)]
  1005 | D:2      | Slain by a goblin

Levels and vault maps discovered:
D:1:      psy_arrival_basics, layout_loops_ring, minmay_misc_feat_hallway
D:2:      layout_basic, serial_shops, shop, chequers_arboretum,
          minmay_close_crescents, uniq_robin

Skill      XL: |  1 |
---------------+----+-----
Ranged Weapons | 6 |  6.9
Fighting       | |  1.5
Dodging        | |  2.4
Stealth        | |  1.2

Action                     || total
---------------------------++-------
   Fire: Shortbow          ||    63
    Use: Scroll            ||     4
 Armour: Leather armour    ||     5
         Ring mail         ||    15
  Dodge: Dodged            ||    18
  Block: Other             ||     6

Table legend:
 A = Non-vault XP
 B = Vault XP
 C = Vault XP percentage of total XP
 D = Non-vault monster count
 E = Vault monster count
 F = Vault count percentage of total count
                 A         B        C        D         E       F
            +---------+---------+-------+---------+---------+-------
      Total |      56 |       5 |   8.2 |      21 |       3 |  12.5
            +---------+---------+-------+---------+---------+-------
        D:1 |      39 |       0 |   0.0 |      17 |       0 |   0.0
        D:2 |      17 |       5 |  22.7 |       4 |       3 |  42.9
            +---------+---------+-------+---------+---------+-------
